 Dungeon Crawl Stone Soup version 0.19.1 (webtiles) character file.

107651 AlphabetPasta the Devastator (level 16, -20/93 HPs)
             Began as a High Elf Conjurer on Jan 11, 2017.
             Was the Champion of Vehumet.
             Demolished by an alligator snapping turtle (shapeshifter) (43 damage)
             ... on level 14 of the Dungeon.
             The game lasted 03:45:05 (38652 turns).

AlphabetPasta the Devastator (High Elf Conjurer)   Turns: 38652, Time: 03:45:05

Health: -20/93     AC: 11    Str:  7    XL:     16   Next: 0%
Magic:  4/37       EV: 24    Int: 27    God:    Vehumet [******]
Gold:   1917       SH:  2    Dex: 19    Spells: 12 memorised, 3 levels left

rFire  . . .     SeeInvis +     a - +4 scimitar (flame)
rCold  + . .     Gourm    .     Q - +2 robe {MR+}
rNeg   . . .     Faith    .     (no shield)
rPois  .         Spirit   .     I - +2 helmet {Int+3}
rElec  +         Reflect  +     s - +0 cloak
rCorr  .         Harm     .     k - +2 pair of gloves
MR     ++...                    (no boots)
Stlth  +++.......               U - +2 amulet of reflection
                                o - ring of see invisible
                                t - ring "Cankiwy" {rElec rC+ Stlth+}

@: no status effects
A: no striking features
a: Renounce Religion


You were on level 14 of the Dungeon.
You worshipped Vehumet.
Vehumet was exalted by your worship.
You were not hungry.

You visited 4 branches of the dungeon, and saw 24 of its levels.
You also visited: Labyrinth, Ice Cave and Volcano.

You collected 2492 gold pieces.
You spent 575 gold pieces at shops.

Inventory:

Hand Weapons
 a - a +4 scimitar of flaming (weapon)
 b - the +11 quarterstaff of Vudin {elec, Dex+7}
   (You found it in an ice cave)

   Occasionally, upon striking a foe, it will discharge some electrical energy
   and cause terrible harm.
   It affects your dexterity (+7).
Armour
 k - a +2 pair of gloves (worn)
 s - a +0 cloak (worn)
 I - a +2 helmet of intelligence (worn)
 J - a +0 shield of reflection
 Q - a +2 robe of magic resistance (worn)
Magical Staves
 p - an uncursed staff of poison
Jewellery
 o - a ring of see invisible (right hand)
 t - the ring "Cankiwy" (left hand) {rElec rC+ Stlth+}
   (You found it on level 5 of the Lair of Beasts)

   [ring of protection from cold]

   It protects you from cold.
   It insulates you from electricity.
   It makes you more stealthy.
 C - an uncursed ring of poison resistance
 E - an uncursed ring of fire
 G - an uncursed ring of positive energy
 M - an uncursed ring of flight
 N - an uncursed ring of protection from fire
 S - the ring "Comar" {rPois Dex+4}
   (You bought it in a shop on level 2 of the Orcish Mines)

   [ring of poison resistance]

   It affects your dexterity (+4).
   It protects you from poison.
 U - a +2 amulet of reflection (around neck)
Wands
 n - a wand of lightning (0/15)
 x - a wand of paralysis (12/24)
 F - a wand of iceblast (0/15)
 L - a wand of random effects (32/48)
 O - a wand of confusion (19/48)
Scrolls
 h - 6 scrolls of identify
 q - a scroll of enchant armour
 r - 10 scrolls of remove curse
 u - 8 scrolls of teleportation
 v - a scroll of fear
 P - a scroll of recharging
Potions
 e - 2 potions of haste
 g - 4 potions of flight
 l - 2 potions of cancellation
 m - 4 potions of heal wounds
 w - 3 potions of might
 A - a potion of ambrosia
 B - 6 potions of agility
 D - 6 potions of curing
 K - 3 potions of resistance
Comestibles
 c - 7 bread rations
 z - 5 royal jellies
 R - 19 beef jerkies


   Skills:
 - Level 3.3 Fighting
 - Level 4.0 Long Blades
 + Level 2.4 Staves
 - Level 14.3 Dodging
 - Level 2.1 Stealth
 - Level 4.0 Shields
 * Level 16.9 Spellcasting
 * Level 18.1 Conjurations
 * Level 7.6 Ice Magic
 - Level 3.4 Air Magic
 - Level 6.7 Earth Magic
 - Level 3.4 Evocations


You had 3 spell levels left.
You knew the following spells:

 Your Spells              Type           Power        Failure   Level  Hunger
a - Magic Dart            Conj           ####         0%          1    None
b - Searing Ray           Conj           ######       0%          2    None
c - Dazzling Spray        Conj/Hex       ######       1%          3    None
d - Iskenderun's Mystic   Conj           #######.     0%          4    None
e - Sticky Flame          Conj/Fire      ######..     1%          4    None
f - Freezing Cloud        Conj/Ice/Air   ######....   2%          6    ###....
g - Static Discharge      Conj/Air       ######..     1%          3    None
h - Fireball              Conj/Fire      ######....   1%          5    None
i - Lee's Rapid Deconstr  Erth           ######....   1%          5    None
j - Iron Shot             Conj/Erth      ######....   1%          6    ###....
k - Blink                 Tloc           N/A          3%          2    None
l - Throw Icicle          Conj/Ice       #######.     1%          4    None


Dungeon Overview and Level Annotations

Branches:
Dungeon (15/15)            Temple (1/1) D:7            Lair (6/6) D:11
  Swamp (0/4) Lair:4       Spider (0/4) Lair:3        Slime (0/5) Lair:6
    Orc (2/2) D:11            Elf (0/3) Orc:2        Vaults (0/5) D:14
 Depths: D:15

Altars:
Ashenzari
Cheibriados
Dithmenos
Elyvilon
Fedhas
Gozag
Hepliaklqana
Kikubaaqudgha
Makhleb
Nemelex Xobeh
Okawaru
Qazlal
Ru
Sif Muna
Trog
Uskayaw
Vehumet
Xom
Yredelemnul
Zin
The Shining One
Jiyva

Shops:
D:10 *   Orc:1 !   Orc:2 }=(%

Annotations:
D:5 CanadianGator's ghost, novice KoFi
D:6 exclusion: door


Message History

You don't have enough magic to cast that spell.
You hit the alligator snapping turtle but do no damage.
The alligator snapping turtle is severely wounded.
The alligator snapping turtle bites you!!
You hit the alligator snapping turtle but do no damage.
The alligator snapping turtle is severely wounded.
An orc priest comes into view. It is wielding a whip.
The orc priest calls down the wrath of Beogh upon you.
Beogh smites you!
You hit the alligator snapping turtle but do no damage.
The alligator snapping turtle is severely wounded.
The alligator snapping turtle completely misses you.
You hit the alligator snapping turtle. You burn the alligator snapping turtle.
The alligator snapping turtle is severely wounded.
The orc priest calls down the wrath of Beogh upon you.
Beogh smites you!
The alligator snapping turtle bites you!!
* * * LOW HITPOINT WARNING * * *
The alligator snapping turtle bites you from afar!!!
You die...

#.# ###.#..###.......#[##.##.
#.# #..#........##......... #.#
#.####.##........##.... #.#
#............#..####... #.#
#.####.###.#.#.## ##..
#.######.## #)# #.#.#.## ###'
#.#.......# #o###§#o#..####...
#.#.......# #..t§§§§....##.#..
###.#.......###@###........#....
#...#..#........#####.#....'...∩
#.###.###.............#....#....
#.# #..#)...########..#...##.#..
#<###.......# #..#..####...
#....###.#.## #..#.## ###'
####.# #.#.#########....## ##..
#.# #.#...............####...
#.# #.###########.##...##....


You could see an alligator snapping turtle, an orc priest and an orc.

Vanquished Creatures
  Kirke (Lair:6)
  A stone giant (Orc:2)
  Nessos (Orc:2)
  The ghost of Kave the Grappler, a journeyman TrTm of Sif Muna (D:13)
  The ghost of Kave the Grappler, a journeyman TrTm of Sif Muna (Lair:2)
  Snorg (Lair:5)
  An ettin (Orc:2)
  The ghost of deskach the Whirler, a journeyman HaHu of Okawaru (Lair:4)
  A minotaur (Lab)
  4 vault guards (D:14)
  8 hydras
  Erica (D:8)
  A death knight (D:14)
  A centaur warrior (D:14)
  A catoblepas (Lair:5)
  16 death yaks
  Urug (Lair:3)
  7 orc high priests
  4 tengu warriors
  2 skeletal warriors (Volcano)
  An unseen horror (shapeshifter) (D:13)
  2 unseen horrors
  10 orc knights
  An anaconda skeleton (Volcano)
  5 hill giants
  A necromancer (IceCv)
  A wolf spider zombie (D:13)
  5 cyclopes
  3 deep elf magi
  2 orc sorcerers
  3 ugly things
  3 manticores (D:14)
  3 ice statues (IceCv)
  4 elephants
  4 black mambas
  8 gargoyles
  An efreet (D:14)
  14 spiny frogs
  4 komodo dragons
  8 ice devils (IceCv)
  3 meliai (Lair:5)
  9 trolls
  2 hornets
  3 two-headed ogres
  8 polar bears (Lair:6)
  2 queen bees
  2 raiju (Lair:6)
  11 blink frogs
  5 hippogriffs
  5 slime creatures (D:14)
  4 harpy skeletons (Volcano)
  3 flying skulls (Volcano)
  6 wyverns
  A water elemental (D:11)
  2 wraiths
  2 humans (D:7)
  A hungry ghost (D:12)
  2 hogs (Lair:6)
  25 yaks
  2 basilisks
  A redback simulacrum (D:14)
  A mottled dragon (D:14)
  9 wargs
  11 water moccasins
  6 swamp worms (Lair:4)
  6 hell hounds (Lair:6)
  10 porcupines
  15 black bears
  48 orc warriors
  A phantom (D:3)
  3 sky beasts
  4 ice beasts
  2 eyes of draining
  10 wolves (Lair:6)
  5 centaurs
  12 ogres
  7 crocodiles
  3 big kobolds
  19 bullfrogs
  A water moccasin skeleton (D:5)
  2 scorpions
  57 killer bees
  7 wights
  A vampire bat (Lair:4)
  10 electric eels
  4 troll skeletons (Volcano)
  A howler monkey (D:4)
  2 spriggan skeletons (Volcano)
  2 bullfrog zombies
  7 crimson imps
  3 centaur zombies
  3 quasits
  2 jellies (D:14)
  43 orc priests
  3 draconian simulacra (IceCv)
  22 orc wizards
  18 hounds
  4 bullfrog skeletons
  6 centaur skeletons
  10 worker ants
  2 iguanas
  3 troll simulacra (IceCv)
  2 spriggan simulacra (IceCv)
  A centaur simulacrum (IceCv)
  2 hound skeletons
  A howler monkey skeleton (D:4)
  4 gnolls (D:6)
  An ogre simulacrum (IceCv)
  9 adders
  6 shadow imps
  An ooze (D:6)
  An adder zombie (D:7)
  An adder skeleton (D:5)
  7 worms
  A dart slug (D:3)
  7 leopard geckos
  106 orcs
  13 bats
  11 giant cockroaches
  5 goblins
  6 hobgoblins
  4 jackals (D:7)
  5 quokkas
  12 frilled lizards
  A goblin skeleton (D:4)
  2 goblin zombies (D:4)
  3 hobgoblin zombies (D:4)
  18 kobolds
  3 kobold skeletons (D:4)
  A leopard gecko skeleton (D:7)
  An orc skeleton (D:4)
  2 orc zombies (D:4)
  A quokka skeleton (D:5)
  A quokka zombie (D:5)
  4 rats
  A fungus (Lair:5)
  A plant (Lair:6)
867 creatures vanquished.

Vanquished Creatures (others)
  3 humans (Lair:6)
  A quokka (D:9)
  A bush (Lair:6)
  20 fungi
  23 plants
48 creatures vanquished.

Grand Total: 915 creatures vanquished

Notes
Turn   | Place    | Note
-------+----------+-------------------------------------------
     0 | D:1      | AlphabetPasta the High Elf Conjurer began the quest for the Orb.
     0 | D:1      | Reached XP level 1. HP: 11/11 MP: 4/4
   293 | D:1      | Reached XP level 2. HP: 17/17 MP: 2/6
   297 | D:1      | Learned a level 2 spell: Searing Ray
   758 | D:2      | Reached skill level 5 in Conjurations
   834 | D:2      | Reached XP level 3. HP: 20/21 MP: 0/8
   839 | D:2      | Learned a level 3 spell: Dazzling Spray
  1367 | D:2      | Found a shattered altar of Ashenzari.
  1867 | D:3      | Reached XP level 4. HP: 27/27 MP: 6/10
  1873 | D:3      | Learned a level 4 spell: Iskenderun's Mystic Blast
  2408 | D:4      | Noticed a phantom
  2436 | D:3      | Killed a phantom
  2436 | D:3      | Reached XP level 5. HP: 29/31 MP: 1/12
  2523 | D:4      | Reached skill level 6 in Conjurations
  2594 | D:4      | Reached skill level 5 in Spellcasting
  2789 | D:4      | Reached XP level 6. HP: 36/36 MP: 3/14
  3081 | D:4      | Found a glowing golden altar of the Shining One.
  3633 | D:5      | Entered Level 5 of the Dungeon
  3643 | D:5      | Reached skill level 7 in Conjurations
  3853 | D:5      | Found a bloodstained altar of Trog.
  4117 | D:5      | Reached XP level 7. HP: 41/41 MP: 9/17
  4118 | D:5      | Noticed CanadianGator's ghost (novice KoFi)
  5221 | D:6      | Reached skill level 8 in Conjurations
  5894 | D:6      | Reached XP level 8. HP: 24/46 MP: 13/19
  6123 | D:6      | Noticed a hippogriff
  6133 | D:6      | Killed a hippogriff
  6818 | D:6      | Reached skill level 9 in Conjurations
  7291 | D:7      | Found a staircase to the Ecumenical Temple.
  7295 | Temple   | Entered the Ecumenical Temple
  7451 | Temple   | Became a worshipper of Vehumet
  7692 | D:7      | Found an iron altar of Okawaru.
  7709 | D:7      | Reached XP level 9. HP: 33/51 MP: 4/22
  7896 | D:7      | Learned a level 4 spell: Sticky Flame
  7942 | D:7      | Reached skill level 5 in Dodging
  8347 | D:7      | Reached * piety under Vehumet
  8347 | D:7      | Offered knowledge of Shock by Vehumet.
  8484 | D:7      | Found an opulent altar of Gozag.
  8731 | D:8      | Reached skill level 1 in Long Blades
  8802 | D:8      | Reached skill level 10 in Conjurations
  8917 | D:8      | Noticed Erica
  8932 | D:8      | Killed Erica
  9133 | D:8      | Reached skill level 10 in Spellcasting
  9418 | D:8      | Reached skill level 11 in Conjurations
  9580 | D:7      | Found a shattered altar of Ashenzari.
  9607 | D:8      | Reached skill level 1 in Fighting
 10012 | D:9      | Reached skill level 1 in Evocations
 10012 | D:9      | Reached XP level 10. HP: 58/58 MP: 18/25
 10157 | D:9      | Found a white marble altar of Elyvilon.
 10210 | D:9      | Offered knowledge of Sting by Vehumet.
 10381 | D:9      | Reached ** piety under Vehumet
 10796 | D:9      | Learned a level 4 spell: Sticky Flame
 11147 | D:9      | Offered knowledge of Mephitic Cloud by Vehumet.
 11182 | D:9      | Learned a level 3 spell: Mephitic Cloud
 11322 | D:9      | Reached *** piety under Vehumet
 11322 | D:9      | Reached skill level 12 in Conjurations
 11696 | D:10     | Entered Level 10 of the Dungeon
 12205 | D:10     | Offered knowledge of Static Discharge by Vehumet.
 12569 | D:10     | Found Ygyunwih's General Store.
 12577 | D:10     | Bought a potion of curing for 36 gold pieces
 12665 | D:10     | Learned a level 3 spell: Static Discharge
 12894 | D:11     | Found a staircase to the Lair.
 12944 | D:11     | Found a frozen archway.
 12961 | D:11     | Learned a level 5 spell: Fireball
 12962 | IceCv    | Entered an ice cave
 13111 | IceCv    | Reached XP level 11. HP: 38/64 MP: 7/28
 14060 | IceCv    | Reached **** piety under Vehumet
 14126 | IceCv    | Offered knowledge of Lee's Rapid Deconstruction by Vehumet.
 14198 | IceCv    | Learned a level 5 spell: Lee's Rapid Deconstruction
 14313 | IceCv    | Reached skill level 13 in Conjurations
 14732 | IceCv    | Reached skill level 1 in Earth Magic
 14736 | IceCv    | Noticed a necromancer
 14739 | IceCv    | Killed a necromancer
 14742 | IceCv    | Got a fine quarterstaff
 14755 | IceCv    | Got a jewelled leather armour
 14795 | IceCv    | Identified the +1 leather armour of the Republic {Str+3 Slay+2} (You found it in an ice cave)
 14858 | D:11     | Identified the +11 quarterstaff of Vudin {elec, Dex+7} (You found it in an ice cave)
 14958 | D:11     | Noticed a red ugly thing
 15420 | D:11     | Killed a red ugly thing
 16052 | D:11     | Found a staircase to the Orcish Mines.
 16372 | D:12     | Noticed an unseen horror
 16375 | D:12     | Killed an unseen horror
 16960 | D:12     | Found a hide-covered altar of Uskayaw.
 16960 | D:12     | Noticed a deep elf mage
 16965 | D:12     | Killed a deep elf mage
 16965 | D:12     | Reached skill level 10 in Dodging
 16965 | D:12     | Reached XP level 12. HP: 70/70 MP: 20/30
 17178 | D:12     | Reached skill level 14 in Conjurations
 17281 | D:12     | Reached ***** piety under Vehumet
 17347 | D:12     | Offered knowledge of Iron Shot by Vehumet.
 17357 | D:12     | Learned a level 6 spell: Iron Shot
 17572 | Lair:1   | Entered Level 1 of the Lair of Beasts
 18438 | Lair:2   | Noticed a death yak
 18440 | Lair:2   | Noticed a death yak
 18442 | Lair:2   | Noticed a death yak
 18448 | Lair:2   | Killed a death yak
 18557 | Lair:1   | Killed a death yak
 18653 | Lair:1   | Killed a death yak
 19061 | Lair:2   | Learned a level 2 spell: Blink
 19211 | Lair:2   | Noticed Kave's ghost (journeyman TrTm)
 19232 | Lair:2   | Killed Kave's ghost
 19800 | Lair:3   | Noticed Urug
 19815 | Lair:3   | Killed Urug
 20028 | Lair:3   | Noticed an eight-headed hydra
 20030 | Lair:3   | Killed an eight-headed hydra
 20030 | Lair:3   | Reached skill level 15 in Conjurations
 20030 | Lair:3   | Reached XP level 13. HP: 74/74 MP: 17/31
 20351 | Lair:3   | Found a hole to the Spider Nest.
 21659 | Lair:4   | Noticed deskach's ghost (journeyman HaHu)
 21915 | Lair:4   | Killed deskach's ghost
 22363 | Lair:4   | Found a staircase to the Swamp.
 22750 | Lair:5   | Reached skill level 5 in Earth Magic
 22813 | Lair:4   | Reached skill level 1 in Shields
 23150 | Lair:5   | Found a dark tunnel.
 23168 | Lair:5   | Noticed Snorg
 23181 | Volcano  | Entered a volcano
 23239 | Volcano  | Offered knowledge of Throw Icicle by Vehumet.
 23918 | Lair:5   | Killed Snorg
 23918 | Lair:5   | Reached skill level 16 in Conjurations
 24429 | Lair:5   | Got a vibrating ivory ring
 24431 | Lair:5   | Identified the ring "Cankiwy" {rElec rC+ Stlth+} (You found it on level 5 of the Lair of Beasts)
 24728 | Lair:5   | Reached XP level 14. HP: 81/81 MP: 16/33
 24734 | Lair:5   | Learned a level 4 spell: Throw Icicle
 25072 | Lair:5   | Reached skill level 1 in Ice Magic
 25270 | Lair:5   | Found a stormy altar of Qazlal.
 25713 | Lair:6   | Entered Level 6 of the Lair of Beasts
 25716 | Lair:6   | Reached skill level 15 in Spellcasting
 26011 | Lair:6   | Noticed Kirke
 26018 | Lair:6   | Killed Kirke
 26721 | Lair:6   | Offered knowledge of Freezing Cloud by Vehumet.
 27100 | Lair:6   | Found a viscous altar of Jiyva.
 27100 | Lair:6   | Found a staircase to the Slime Pits.
 29039 | Lair:5   | Reached skill level 5 in Ice Magic
 29077 | Lair:5   | Reached skill level 17 in Conjurations
 30031 | Orc:1    | Entered Level 1 of the Orcish Mines
 30130 | Orc:2    | Entered Level 2 of the Orcish Mines
 30372 | Orc:2    | Noticed a stone giant
 30383 | Orc:2    | Killed a stone giant
 30825 | Orc:2    | Reached ****** piety under Vehumet
 31038 | Orc:2    | Reached XP level 15. HP: 58/88 MP: 19/35
 31054 | Orc:2    | Learned a level 6 spell: Freezing Cloud
 31500 | Orc:1    | Found Ubbir's Distillery.
 31507 | Orc:1    | Bought a potion of heal wounds for 80 gold pieces
 31507 | Orc:1    | Bought a potion of curing for 48 gold pieces
 31584 | Orc:2    | Noticed Nessos
 31587 | Orc:2    | Killed Nessos
 31754 | Orc:2    | Reached skill level 1 in Air Magic
 32246 | Orc:2    | Found a staircase to the Elven Halls.
 32252 | Orc:2    | Offered knowledge of Bolt of Fire by Vehumet.
 33968 | Orc:2    | Found Ujuariur's Food Emporium.
 33968 | Orc:2    | Found Julirphos's Antique Weapon Emporium.
 33969 | Orc:2    | Found Ceetupyi's Jewellery Shoppe.
 33969 | Orc:2    | Found Jurcha's Gadget Emporium.
 33983 | Orc:2    | Bought a cursed amulet of inaccuracy for 22 gold pieces
 33983 | Orc:2    | Bought the ring "Comar" {rPois Dex+4} for 389 gold pieces
 34764 | D:13     | Noticed Kave's ghost (journeyman TrTm)
 34769 | D:13     | Killed Kave's ghost
 35598 | D:14     | Found a labyrinth entrance.
 35655 | Lab      | Entered a labyrinth
 36305 | Lab      | Got a slimy cloak
 36306 | Lab      | Identified the +0 cloak "Niqiehun" {rPois Int-4 Dex+9 SInv} (You found it in a labyrinth)
 36505 | D:14     | Offered knowledge of Orb of Destruction by Vehumet.
 36603 | D:14     | Reached skill level 1 in Staves
 36952 | D:14     | Reached skill level 18 in Conjurations
 37067 | D:14     | Found a gate to the Vaults.
 38197 | D:14     | Noticed a ghost moth
 38319 | D:15     | Entered Level 15 of the Dungeon
 38319 | D:15     | Found a sparkling altar of Nemelex Xobeh.
 38501 | D:15     | Reached XP level 16. HP: 93/93 MP: 14/37
 38652 | D:14     | Demolished by an alligator snapping turtle (shapeshifter)

Skill      XL: |  1  2  3  4  5  6  7  8  9 10 11 12 13 14 15 |
---------------+----------------------------------------------+-----
Spellcasting   | 3 4 5 6 7 8 10 12 13 14 15 16 | 16.9
Conjurations   | 5 6 7 8 9 11 12 13 15 16 17 18 | 18.1
Dodging        | 3 4 5 6 10 13 14 | 14.3
Long Blades    | 3 4 |  4.0
Fighting       | 1 2 3 |  3.3
Evocations     | 1 3 |  3.4
Earth Magic    | 2 4 5 6 |  6.7
Shields        | 3 4 |  4.0
Ice Magic      | 5 7 |  7.6
Air Magic      | 3 |  3.4
Staves         | 2 |  2.4
Stealth        | |  2.1

Action                   |  1- 3 |  4- 6 |  7- 9 | 10-12 | 13-15 | 16-18 || total
-------------------------+-------+-------+-------+-------+-------+-------++-------
Melee: Rapier            |       |     7 |     6 |       |       |       ||    13
       Scimitar          |       |       |       |    17 |    90 |     4 ||   111
 Cast: Magic Dart        |    82 |   109 |   181 |   150 |   102 |       ||   624
       Searing Ray       |     2 |    10 |    43 |    88 |    47 |       ||   190
       Iskenderun's Myst |       |       |    13 |   139 |   371 |     9 ||   532
       Dazzling Spray    |       |       |     2 |       |     1 |       ||     3
       Sticky Flame      |       |       |     7 |    84 |   106 |       ||   197
       Fireball          |       |       |       |     6 |    62 |       ||    68
       Blink             |       |       |       |     5 |     9 |       ||    14
       Iron Shot         |       |       |       |     2 |    74 |       ||    76
       Lee's Rapid Decon |       |       |       |       |    35 |       ||    35
       Static Discharge  |       |       |       |       |     9 |       ||     9
       Freezing Cloud    |       |       |       |       |    44 |     1 ||    45
Evoke: Wand              |       |       |       |     4 |     8 |       ||    12
  Use: Scroll            |     6 |     8 |     7 |     8 |     8 |       ||    37
       Potion            |       |     2 |     2 |     5 |     5 |       ||    14
 Stab: Invisible         |       |       |     2 |       |       |       ||     2
       Sleeping          |       |       |     1 |       |       |       ||     1
  Eat: Chunk             |     3 |     2 |     6 |    13 |    35 |       ||    59
       Royal jelly       |       |     1 |       |       |    11 |       ||    12
       Meat ration       |       |     1 |     1 |     1 |     2 |       ||     5
       Beef jerky        |       |       |     1 |     2 |     1 |       ||     4
       Bread ration      |       |       |     1 |     2 |     1 |       ||     4
       Pizza             |       |       |       |     1 |       |       ||     1
Armor: Robe              |       |     4 |     7 |    31 |    52 |       ||    94
Dodge: Dodged            |     8 |    21 |    48 |   200 |   456 |     1 ||   734
Block: Other             |       |       |       |       |     1 |       ||     1
       Rpst.: Scimitar   |       |       |     2 |    64 |   120 |       ||   186
